 Dungeon Crawl Stone Soup version 0.31-a0-246-g8cbcc1cb85 (webtiles) character file.

Game seed: 16427391304797898562

78 cforsyth the Changeling (level 4, 0/44 HPs)
             Began as an Ogre Shapeshifter on July 13, 2023.
             Slain by an orc
             ... wielding a +0 whip
              (6 damage)
             ... on level 3 of the Dungeon.
             The game lasted 00:02:11 (1455 turns).

cforsyth the Changeling (Ogre Shapeshifter)         Turns: 1455, Time: 00:02:12

Health: 0/44       AC:  3    Str: 27    XL:     4   Next: 36%
Magic:  4/4        EV:  9    Int:  9    God:
Gold:   111        SH:  0    Dex:  9    Spells: 3/3 levels left

rFire   . .          .
                       - Unarmed
rCold   . . .        (no shield)
rNeg    . . .        a - +0 animal skin
rPois   +            (helmet currently unavailable)
rElec   .            (cloak currently unavailable)
rCorr   .            (gloves unavailable)
SInv    .            (boots unavailable)
Will    .....        (no amulet)
Stlth   +            h - +6 ring of strength
HPRegen 0.27/turn    q - ring of poison resistance
MPRegen 0.09/turn

%: no passive effects
@: beast-form
A: beast (slay +2), large, unfitting armour, tough skin 1
a: no special abilities


You were on level 3 of the Dungeon.
You were a hulking beast.
You visited 1 branch of the dungeon, and saw 3 of its levels.

You collected 111 gold pieces.

Inventory:

Missiles
 s - 2 throwing nets
Armour
 a - a +0 animal skin (worn)
 n - the +2 robe "Itiwioq" {Contam rN+ Will++ Str+4}
   (You found it on level 2 of the Dungeon)

   Str:       It affects your strength (+4).
   rN:        It protects you from negative energy.
   Contam:    It causes magical contamination when unequipped.
   Will:      It greatly increases your willpower.
Jewellery
 h - a +6 ring of strength (left hand)
 o - a ring of ice
 q - a ring of poison resistance (right hand)
Talismans
 c - a beast talisman
 e - a maw talisman
Scrolls
 d - a scroll of fear {unknown}
 f - a scroll of amnesia {unknown}
 g - 2 scrolls of immolation {unknown}
 i - 3 scrolls of identify {unknown}
 k - a scroll of torment {unknown}
 l - 3 scrolls of enchant weapon {unknown}
 m - 2 scrolls of noise {unknown}
 r - a scroll of poison {unknown}
Potions
 b - 2 potions of lignification
 j - a potion of heal wounds {unknown}
 p - a potion of degeneration {unknown}


   Skills:
 - Level 2.6 Fighting
 - Level 1.7 Dodging
 + Level 3.1 Unarmed Combat
 + Level 3.8 Shapeshifting


You had 3 spell levels left.
You didn't know any spells.
Your spell library contained the following spells:

 Spells                   Type           Power      Damage    Failure   Level
 Blink                    Tloc           0%         N/A       52%         2
 Ensorcelled Hibernation  Hex/Ice        0%         N/A       52%         2
 Lesser Beckoning         Tloc           0%         N/A       52%         2
 Momentum Strike          Conj/Tloc      0%         3d8       52%         2
 Anguish                  Hex/Necr       0%         N/A       99%         4


Dungeon Overview and Level Annotations

Branches:
Dungeon (2/15)

Altars:


Innate Abilities, Weirdness & Mutations

You are a hulking beast.
Your limbs bulge with bestial killing power. (Slay +2)
You are too large for most types of armour.
You have tough skin. (AC +1)


Message History

The orc is heavily wounded.
An orc priest comes into view. It is wielding a +0 hand axe.
The orc priest shouts!
You hit the orc. You punch the orc.
You kill the orc!
The orc priest looks encouraged for a moment.
An orc priest and an orc come into view.
Things that are here:
a +0 whip; a +0 leather armour You barely miss the orc.
The orc is heavily wounded.
The orc priest invokes the aid of Beogh against you.
Beogh smites you! The orc barely misses you.
The orc hits you but does no damage.
You barely miss the orc.
The orc is heavily wounded.
The orc priest invokes the aid of Beogh against you.
Beogh smites you!
The orc priest hits you with a +0 hand axe.
The orc hits you with a +0 whip.
* * * LOW HITPOINT WARNING * * *
The orc hits you but does no damage.
You are too injured to fight recklessly!
You are too injured to fight recklessly!
You are too injured to fight recklessly!
You are too injured to fight recklessly!
You are too injured to fight recklessly!
You are too injured to fight recklessly!
You punch the orc priest!
The orc priest is severely wounded.
The orc priest barely misses you. The orc hits you with a +0 whip.
* * * LOW HITPOINT WARNING * * *
The orc hits you with a +0 short sword.
* * * LOW HITPOINT WARNING * * *
Unknown command.
The orc priest attacks as you move away!
The orc priest hits you with a +0 hand axe.
* * * LOW HITPOINT WARNING * * *
The orc attacks as you move away! The orc hits you with a +0 whip.
You die...

.........#.# #.##
####.###.#.# #.. ..
#.###.#.# #.. ..
#.......###.# .#
###.......#.# #.#
##..#.#.#.# .. #
#...#.#...##o# ##
##.###.###..#o##.##
.####..# ... #?.ho....#
.'.....# ### #...o.....#
.####..≈≈≈≈≈≈~.###....##
## ##.#######.# .#.## #
#.#.....#.# # # #.#
#.###.. #.. #.# ... #..
# ...


You could see 2 orc priests and 2 orcs.

Vanquished Creatures
  Robin (D:2)
  An adder (D:2)
  An orc (D:3)
  4 bats
  5 endoplasms
  2 giant cockroaches (D:1)
  10 goblins
  8 hobgoblins
  3 kobolds
  6 ball pythons
  5 frilled lizards
  6 rats
52 creatures vanquished.

Notes
Turn   | Place    | Note
-------+----------+-------------------------------------------
     0 | D:1      | cforsyth the Ogre Shapeshifter began the quest for the Orb.
     0 | D:1      | Reached XP level 1. HP: 22/22 MP: 1/1
    76 | D:1      | Reached XP level 2. HP: 28/29 MP: 2/2
   487 | D:1      | Reached XP level 3. HP: 36/36 MP: 3/3
   636 | D:2      | Identified the +2 robe "Itiwioq" {Contam rN+ Will++ Str+4}
   893 | D:2      | Noticed Robin
   927 | D:2      | Killed Robin
   928 | D:2      | Reached XP level 4. HP: 5/44 MP: 4/4
  1225 | D:2      | You fall into a shaft and drop 1 floor!
  1455 | D:3      | Slain by an orc

Illustrated notes

Levels and vault maps discovered:
D:1:      dpeg_arrival_boxes_within_box, layout_basic
D:2:      layout_basic, uniq_robin
D:3:      layout_loops_corners, mainiacjoe_overflow_tiny_flanked,
          shapermc_ecumenical_altar_flowoftime, kennysheep_small_spiral,
          chequers_serial_rivers_micro_e, grunt_decor_cap,
          kennysheep_decorative_pillar, amcnicky_mini_corridor_feature,
          minmay_crystal_room, nicolae_figureground_pulse

Skill      XL: |  1  2  3 |
---------------+----------+-----
Unarmed Combat | 2 3 |  3.1
Fighting       | |  2.6
Dodging        | |  1.7
Shapeshifting  | |  3.8

Action                     |  1- 3 |  4- 6 || total
---------------------------+-------+-------++-------
  Melee: Unarmed           |    85 |    24 ||   109
         Punch             |     1 |     3 ||     4
 Armour: Animal skin       |    27 |     5 ||    32
  Dodge: Dodged            |    30 |    10 ||    40

Table legend: (Time is in decaauts)
 A = Elapsed time spent in this place.
 B = Non-inter-level travel time spent in this place.
 C = Inter-level travel time spent in this place.
 D = Time resting spent in this place.
 E = Time spent auto-exploring this place.
 F = Levels seen in this place.
 G = Mean time per level.
                   A        B        C        D        E       F      G
               +--------+--------+--------+--------+--------+-----+--------+
         Total |   1447 |   1426 |     21 |      0 |   1139 |   3 |  482.3 |
       Dungeon |   1447 |   1426 |     21 |      0 |   1139 |   3 |  482.3 |
               +--------+--------+--------+--------+--------+-----+--------+

Top non-repeatable levels by time:
     D:2: 628 daAuts
     D:1: 590 daAuts
     D:3: 229 daAuts
